Kradschützen Motorcycle Team
Kradschützen Motorcycle Team
Selects Armored Support Battlegroup
Selects Armored Support Battlegroup
Construct Light Support Kompanie
Selects Superior Fire Drills
Panzerjäger Mechanized Group
Construct Mechanized Kompanie
254 Reconnaissance Tractor
Panzerjäger Mechanized Group
Selects Flammpanzer III Medium Tank
254 Reconnaissance Tractor
Marder III Tank Destroyer
Marder III Tank Destroyer
Selects Command Panzer IV F Medium Tank
Kradschützen Motorcycle Team
Construct Panzerarmee Kommand
Marder III Tank Destroyer
Selects Stuka Anti-tank Loiter
Marder III Tank Destroyer
254 Reconnaissance Tractor
Flammpanzer III Medium Tank
Marder III Tank Destroyer